 Dungeon Crawl Stone Soup version 0.16-a0-967-g37ceb3c (webtiles) character file.

222604 Raxtorm the Bludgeoner (level 18, -2/177 (180) HPs)
             Began as a Deep Dwarf Fighter on Sept 30, 2014.
             Was the Champion of Makhleb.
             Killed from afar by Mara (7 damage)
             ... with a bolt of fire
             ... on Level 3 of the Spider Nest on Oct 2, 2014.
             The game lasted 04:42:17 (40720 turns).

Raxtorm the Bludgeoner (Deep Dwarf Fighter)        Turns: 40720, Time: 04:42:17

HP  -2/177 (180) AC 38     Str 32      XL: 18   Next: 53%
MP  18/18        EV  8     Int 19      God: Makhleb [******]
Gold 3951        SH 17     Dex 14      Spells:  1 memorised, 18 levels left

rFire  + . .     SeeInvis .     a - +3 morningstar
rCold  + . .     Clarity  .     B - +9 plate armour "Deaphal" {Str+3}
rNeg   + + .     rCorr    .     c - +1 shield {AC+3}
rPois  +         rRot     .     (helmet restricted)
rElec  .         Spirit   .     h - +2 cloak {rPois}
SustAb .         Warding  +     F - +2 pair of gloves of the Land of Plenty {Str+2 Int+2}
rMut   .         Stasis   .     y - +1 pair of boots {Stlth+}
Gourm  .                        o - amulet of warding
MR     ++...                    X - ring "Rain" {rF+ Str+2 Stlth+}
                                q - ring "Sheorcha" {rC+ Int+3 Slay+4}

@: very slightly contaminated, non-regenerating, very resistant to hostile
enchantments, extremely unstealthy
A: damage resistance, recharge devices, horns 1, agile 1, clever 1, negative
energy resistance 1, sense surroundings 3, slow healing 3
a: Device Recharging, Minor Destruction, Lesser Servant of Makhleb, Major
Destruction, Greater Servant of Makhleb, Renounce Religion
}: 1/15 runes: decaying


You were on level 3 of the Spider Nest.
You worshipped Makhleb.
Makhleb was exalted by your worship.
You were not hungry.

You visited 7 branches of the dungeon, and saw 38 of its levels.
You visited the Abyss 1 time.
You also visited: Labyrinth and Ice Cave.

You collected 4075 gold pieces.
You spent 124 gold pieces at shops.

Inventory:

Hand weapons
 a - a +3 morningstar (weapon)
 A - a +2 morningstar of holy wrath
Missiles
 w - 5 tomahawks of dispersal (quivered)
Armour
 c - a +1 shield of protection (worn)
 h - a +2 cloak of poison resistance (worn)
 y - a +1 pair of boots of stealth (worn)
 B - the +9 plate armour "Deaphal" (worn) {Str+3}
   (You found it on level 8 of the Dungeon)

   It affects your strength (+3).
 F - the +2 pair of gloves of the Land of Plenty (worn) {Str+2 Int+2}
   (You found it on level 7 of the Lair of Beasts)

   It affects your strength (+2).
   It affects your intelligence (+2).
Magical devices
 d - a wand of heal wounds (1)
 f - a wand of magic darts (13)
 j - a wand of disintegration (16) {unknown}
 m - a wand of random effects (14) {unknown}
 u - a wand of fireball (4)
 v - a wand of digging (6)
 C - a wand of confusion (3) {unknown}
 G - a wand of polymorph (15)
 K - a wand of draining (3)
 L - a wand of teleportation (4) {unknown}
 S - a wand of digging (4)
 T - a wand of magic darts (14)
 W - a wand of fire (8) {unknown}
Comestibles
 p - a meat ration
 x - a fruit
Scrolls
 b - a scroll of enchant weapon
 g - a scroll of recharging
 i - 4 scrolls of teleportation
 l - a scroll of enchant armour
 n - 5 scrolls of remove curse
 r - 3 scrolls of fear
 D - a scroll of identify
 E - a scroll of fog {unknown}
 J - a scroll of holy word {unknown}
Jewellery
 o - an amulet of warding (around neck)
 q - the ring "Sheorcha" (left hand) {rC+ Int+3 Slay+4}
   (You found it on level 12 of the Dungeon)

   [ring of protection from cold]

   It affects your intelligence (+3).
   It affects your accuracy and damage with ranged weapons and melee attacks
   (+4).
   It protects you from cold.
 s - an uncursed ring of invisibility
 Q - an uncursed amulet of resist mutation
 X - the ring "Rain" (right hand) {rF+ Str+2 Stlth+}
   (You found it on level 14 of the Dungeon)

   [ring of stealth]

   It affects your strength (+2).
   It protects you from fire.
   It makes you more stealthy.
Potions
 e - a potion of beneficial mutation {unknown}
 k - a potion of brilliance
 t - 4 potions of curing
 z - a potion of resistance {unknown}
 Y - 2 potions of might
Miscellaneous
 I - a stone of tremors


   Skills:
 * Level 15.6 Fighting
 - Level 18.4 Maces & Flails
 - Level 1.3 Throwing
 + Level 14.9 Armour
 - Level 17.8 Shields
 - Level 5.6 Unarmed Combat
 - Level 2.3 Spellcasting
 - Level 1.3 Invocations
 - Level 1.1 Evocations


You had 18 spell levels left.
You knew the following spells:

 Your Spells              Type           Power        Failure   Level  Hunger
a - Vampiric Draining     Necr           #.........   99%         3    ###....


Dungeon Overview and Level Annotations

Branches:
Dungeon (15/15)            Temple (1/1) D:7             Orc (4/4) D:10
    Elf (2/3) Orc:3          Lair (8/8) D:9           Swamp (5/5) Lair:6
 Spider (3/5) Lair:3        Slime (0/6) Lair:7       Vaults (0/5) D:14
 Depths (0/5) D:15

Altars:
Ashenzari
Cheibriados
Dithmenos
Elyvilon
Fedhas
Gozag
Kikubaaqudgha
Makhleb
Nemelex Xobeh
Okawaru
Qazlal
Ru
Sif Muna
Trog
Vehumet
Xom
Yredelemnul
Zin
The Shining One
Beogh
Jiyva

Shops:
D:9 [   Orc:3 !   Orc:4 :(

Portals:
Trove: Elf:2 (give 12 potions of heal wounds)

Annotations:
Spider:3 Mara


Innate Abilities, Weirdness & Mutations

You are resistant to damage.
You can recharge devices by infusing magical energy.
You resist negative energy.
You passively map a large area around you.
You do not heal naturally.
You have a pair of small horns on your head.
You are agile. (Dex +2)
Your mind is acute. (Int +2)


Message History

You block Mara's attack.
Read which item? (? for menu, Esc to quit)
Okay, then.
Unknown command.
Read which item? (? for menu, Esc to quit)
Blink to where?
Press: ? - help, Dir - move target cursor
As you read the scroll of blinking, it crumbles to dust.
You are very lightly contaminated with residual magic.
Read which item? (? for menu, Esc to quit)
Okay, then.
You hear a grinding noise.
Mara gestures at you. The bolt of fire misses you.
You hear a grinding noise.
Mara gestures at you. The bolt of fire misses you. Mara gestures at you.
The bolt of fire hits you! You resist.
You die...

, * ....##.##.......# *
,,,,* ....#####
..#....# ,....##
#######R..^#
,....####.##...@R...#
,..####...#........#
#.... #........# * , ,*
#..####.##....# * ,,,
###..#..........#
##......@........# ,
###...<...#.##.....# *
#............#..#.## *
, #.......##......###*
*
.....#..#......##.....#
* ....
##......%%.#.#...# ..#
##.#......#.....# ,
#..####.(###^...# ,
*##..^##.........#


You could see 2 Maras and Raxtorm's illusion.

Vanquished Creatures
  the Lernaean hydra (Swamp:5)
  Nikola (Swamp:2)
  A bone dragon (Abyss:1)
  A deep elf blademaster (Elf:2)
  An Executioner (Elf:2)
  Rupert (Lair:3)
  A thorn hunter (Swamp:5)
  Wiglaf (Swamp:2)
  Maud (Lair:5)
  An orc warlord (Orc:4)
  A deep elf sorcerer (Elf:1)
  A frost giant (IceCv)
  Jorgrun (Elf:2)
  A deep elf demonologist (Elf:2)
  A deep elf death mage (Elf:1)
  2 deep elf high priests
  A vault guard (D:14)
  A yaktaur captain (D:15)
  A minotaur (Lab)
  Harold (Orc:3)
  A shambling mangrove (Swamp:3)
  Nessos (Orc:3)
  5 alligators
  22 hydras
  4 centaur warriors
  13 death yaks
  10 dancing weapons (Elf:2)
  A thrashing horror (Abyss:1)
  3 tengu warriors
  Nergalle (Lair:1)
  An orc high priest (Orc:4)
  A catoblepas (D:12)
  33 slime creatures
  5 skeletal warriors (D:12)
  6 unseen horrors
  A death drake (Swamp:2)
  An ice devil (Abyss:1)
  21 deep elf knights
  4 large abominations
  9 swamp dragons
  9 deep elf summoners
  5 orb spiders
  A spectral hydra (Swamp:2)
  6 hill giants
  An ice statue (IceCv)
  2 spriggan druids
  Pikel (D:6)
  A phantasmal warrior (Swamp:2)
  12 deep elf conjurers
  A red wasp (Swamp:1)
  A necromancer (Swamp:2)
  4 orc knights (Orc:4)
  7 wolf spiders
  2 orc sorcerers (Orc:4)
  11 ugly things
  2 griffons
  A manticore (D:15)
  10 elephants
  An oklob plant (Lair:2)
  4 cyclopes
  A worldbinder (Abyss:1)
  2 sixfirhies (Abyss:1)
  A moth of wrath (Spider:2)
  A mana viper (shapeshifter) (Abyss:1)
  5 gargoyles
  3 torpor snails
  4 black mambas
  25 spiny frogs
  A kobold demonologist (D:14)
  5 komodo dragons
  2 fire drakes
  A swamp worm zombie (Swamp:2)
  11 deep elf priests
  An efreet (Abyss:1)
  2 ancient zymes (Abyss:1)
  Grinder (D:3)
  8 trolls
  A blue devil (D:14)
  A silent spectre (Abyss:1)
  A tengu conjurer (D:12)
  10 giant leeches
  8 demonic crawlers
  7 jumping spiders
  13 polar bears (IceCv)
  A boulder beetle (Lair:6)
  A hydra skeleton (D:10)
  15 bog bodies
  4 spectral swamp dragons (Swamp:2)
  6 wandering mushrooms
  A raiju (Abyss:1)
  10 ravens
  A queen bee (D:15)
  24 blink frogs
  An alligator zombie (Swamp:2)
  60 yaks
  2 basilisks
  22 redbacks
  2 ynoxinuls
  8 shadows
  A tarantella (shapeshifter) (Elf:2)
  2 wyverns
  9 trapdoor spiders
  12 tarantellas
  4 spriggans
  21 deep elf magi
  A hill giant zombie (D:10)
  A neqoxec (Abyss:1)
  6 giant leech zombies
  31 deep elf fighters
  8 hippogriffs
  A steam dragon (D:12)
  38 swamp worms
  4 hungry ghosts
  17 wolves
  2 spiny frog zombies (Swamp:2)
  2 small abominations (Abyss:1)
  8 porcupines
  A warg (Orc:4)
  2 sky beasts
  15 ice beasts
  25 vampire mosquitoes
  12 spiders
  24 water moccasins
  A black bear (D:10)
  14 swamp drakes
  3 yellow wasps
  A manticore zombie (D:10)
  38 orc warriors
  9 ogres
  5 phantoms
  9 centaurs
  A slave (D:6)
  A big kobold (D:14)
  A boring beetle (Lair:7)
  A boring beetle (shapeshifter) (Elf:2)
  Duvessa (D:5)
  Blork the orc (Orc:4)
  A brain worm (D:11)
  20 crocodiles
  39 giant frogs
  A yaktaur skeleton (D:15)
  10 insubstantial wisps
  A tengu zombie (D:12)
  21 killer bees
  12 scorpions
  3 spriggan zombies (Swamp:2)
  13 wights
  A troll zombie (Swamp:2)
  4 electric eels
  Dowan (D:5)
  A goliath beetle (D:7)
  2 oklob saplings (D:9)
  2 quasits
  5 crimson imps
  5 starcursed masses (Abyss:1)
  2 giant frog skeletons
  6 jellies
  34 orc priests
  12 iguanas
  10 hounds
  9 orange rats
  A basilisk skeleton (D:15)
  45 orc wizards
  13 worker ants
  39 sheep
  A sky beast zombie (D:6)
  Ijyb (D:5)
  An ogre skeleton (D:5)
  2 hound skeletons
  A mummy (D:14)
  A worker ant zombie (D:8)
  35 green rats
  25 adders
  A scorpion zombie (D:6)
  3 shadow imps
  2 white imps (Abyss:1)
  2 giant mites
  3 worms
  2 iguana skeletons
  6 giant geckos
  3 oozes
  187 orcs
  A ball python (D:7)
  16 bats
  6 giant cockroaches
  20 goblins
  24 hobgoblins
  11 jackals
  15 kobolds
  9 quokkas
  A giant newt (D:4)
  A kobold zombie (D:8)
  2 orc skeletons (D:7)
  An orc zombie (D:7)
  A quokka skeleton (D:7)
  15 rats
  A rat skeleton (D:5)
  A spectral orc (Lair:1)
  3 fungi
  5 plants
1574 creatures vanquished.

Vanquished Creatures (others)
  A deep elf knight (Elf:2)
  A large abomination (Abyss:1)
  A troll (D:14)
  2 polar bears (IceCv)
  A raiju (Abyss:1)
  A spectral swamp dragon (Swamp:2)
  A deep elf mage (Elf:2)
  A water elemental (Lair:2)
  2 yaks (IceCv)
  2 wolves (IceCv)
  A phantom (D:6)
  A slave (D:6)
  A small abomination (Abyss:1)
  A lost soul (Elf:1)
  An ooze (D:6)
  A hobgoblin zombie (D:6)
  A kobold (D:6)
  2 fungi
  2 plants
24 creatures vanquished.

Grand Total: 1598 creatures vanquished

Notes
Turn   | Place    | Note
--------------------------------------------------------------
     0 | D:1      | Raxtorm, the Deep Dwarf Fighter, began the quest for the Orb.
     0 | D:1      | Reached XP level 1. HP: 20/20 MP: 1/1
   101 | D:3      | Reached XP level 2. HP: 22/27 MP: 2/2
   158 | D:3      | Noticed an orc wizard
   179 | D:3      | Killed an orc wizard
   179 | D:3      | Reached XP level 3. HP: 26/33 MP: 3/3
   382 | D:4      | Reached skill level 1 in Throwing
   382 | D:4      | Reached XP level 4. HP: 32/42 MP: 4/4
   465 | D:4      | Reached skill level 4 in Armour
   574 | D:4      | Reached XP level 5. HP: 31/49 MP: 5/5
   846 | D:4      | Noticed an ogre
   857 | D:4      | Killed an ogre
   915 | D:4      | Reached XP level 6. HP: 38/56 MP: 6/6
  1374 | D:4      | Found a deep blue altar of Sif Muna.
  1482 | D:5      | Entered Level 5 of the Dungeon
  1482 | D:5      | Noticed a hungry ghost
  1511 | D:4      | Killed a hungry ghost
  1511 | D:4      | Reached skill level 5 in Shields
  1572 | D:5      | Reached skill level 5 in Maces & Flails
  1572 | D:5      | Reached XP level 7. HP: 26/62 MP: 7/7
  1583 | D:5      | Noticed Duvessa
  1584 | D:5      | Noticed Dowan
  1753 | D:5      | Killed Duvessa
  1758 | D:5      | Killed Dowan
  1859 | D:5      | Reached skill level 5 in Armour
  1964 | D:5      | Noticed Ijyb
  2264 | D:6      | Reached skill level 6 in Maces & Flails
  2264 | D:6      | Reached XP level 8. HP: 57/72 MP: 7/7
  2574 | D:6      | Noticed Pikel
  2600 | D:6      | Killed Pikel
  2600 | D:6      | Reached skill level 7 in Maces & Flails
  2977 | D:7      | Gained mutation: You passively map the area around you. [level up]
  2977 | D:7      | Reached XP level 9. HP: 20/79 MP: 8/8
  3035 | D:7      | Found an ancient bone altar of Kikubaaqudgha.
  3253 | D:7      | Found a staircase to the Ecumenical Temple.
  3270 | D:7      | Reached skill level 5 in Fighting
  3469 | D:7      | Reached skill level 8 in Maces & Flails
  4216 | Temple   | Entered the Ecumenical Temple
  4578 | D:7      | Upgraded the game from 0.16-a0-922-gae79c9c to 0.16-a0-956-g65bd446
  4654 | D:5      | Killed Ijyb
  5951 | D:2      | Reached skill level 9 in Shields
  6551 | D:3      | Noticed a worker ant
  6570 | D:3      | Killed a worker ant
  6659 | D:3      | Noticed an orc priest
  6661 | D:3      | Noticed an orc priest
  6670 | D:3      | Killed an orc priest
  6680 | D:3      | Noticed an orc wizard
  6692 | D:3      | Killed an orc wizard
  6705 | D:3      | Killed an orc priest
  6767 | D:3      | Noticed Grinder
  6787 | D:3      | Killed Grinder
  6787 | D:3      | Reached XP level 10. HP: 85/90 MP: 7/7
  7175 | D:5      | Found a glowing silver altar of Zin.
  7175 | D:5      | Found a white marble altar of Elyvilon.
  7175 | D:5      | Found a glowing golden altar of the Shining One.
  7349 | D:5      | Found a sparkling altar of Nemelex Xobeh.
  7480 | D:8      | Found a sacrificial altar of Ru.
  7480 | D:8      | Found a basalt altar of Yredelemnul.
  7623 | D:8      | Got a slimy plate armour
  7634 | D:8      | Identified the +9 plate armour "Deaphal" {Str+3} (You found it on level 8 of the Dungeon)
  8249 | D:8      | Found a shimmering altar of Xom.
  8293 | D:9      | Found a staircase to the Lair.
  8439 | D:9      | Gained mutation: Your mind is acute. (Int +2) [potion of mutation]
  8439 | D:9      | Gained mutation: You have a pair of small horns on your head. [potion of mutation]
  8439 | D:9      | Gained mutation: You are agile. (Dex +2) [potion of mutation]
  8615 | D:9      | Found a burning altar of Makhleb.
  8650 | D:9      | Became a worshipper of Makhleb the Destroyer
  8667 | D:9      | Reached skill level 10 in Maces & Flails
  8718 | D:9      | Reached skill level 10 in Shields
  8745 | D:9      | Found a blossoming altar of Fedhas.
  8840 | D:9      | Found Wathes' Antique Armour Shoppe.
  8846 | D:9      | Bought a pair of embroidered boots for 90 gold pieces
  9002 | D:9      | Found a blossoming altar of Fedhas.
  9133 | D:10     | Entered Level 10 of the Dungeon
  9133 | D:10     | Noticed a hill giant
  9171 | D:10     | Killed a hill giant
  9308 | D:10     | Noticed a brown ugly thing
  9347 | D:10     | Killed a brown ugly thing
  9347 | D:10     | Reached XP level 11. HP: 47/98 MP: 8/8
  9695 | D:10     | Acquired Makhleb's first power
  9815 | D:10     | Reached skill level 11 in Maces & Flails
  9894 | D:10     | Found a glowing silver altar of Zin.
 10015 | D:10     | Noticed a centaur warrior
 10393 | D:11     | Noticed an eight-headed hydra
 10451 | D:11     | Killed an eight-headed hydra
 10472 | D:11     | Acquired Makhleb's second power
 10771 | D:12     | Noticed a skeletal warrior
 10771 | D:12     | Noticed a skeletal warrior
 10771 | D:12     | Noticed a skeletal warrior
 10772 | D:12     | Noticed a skeletal warrior
 10910 | D:10     | Killed a centaur warrior
 10969 | D:10     | Got a pair of crude boots
 10975 | D:10     | Identified the cursed -5 pair of boots of the Serpent {Dex+3} (You found it on level 10 of the Dungeon)
 11161 | D:10     | Learned a level 3 spell: Vampiric Draining
 11677 | D:10     | Found a roughly hewn altar of Beogh.
 11704 | D:10     | Found a staircase to the Orcish Mines.
 11741 | D:10     | Acquired Makhleb's third power
 11807 | Orc:1    | Entered Level 1 of the Orcish Mines
 12179 | Orc:1    | Acquired Makhleb's fourth power
 12418 | Lair:1   | Entered Level 1 of the Lair of Beasts
 12522 | Lair:2   | Reached skill level 12 in Shields
 12721 | Lair:2   | Found a white marble altar of Elyvilon.
 12864 | Lair:2   | Reached XP level 12. HP: 69/109 MP: 8/8
 12934 | Lair:2   | Noticed a seven-headed hydra
 12976 | Lair:2   | Killed a seven-headed hydra
 13026 | Lair:2   | Noticed a six-headed hydra
 13048 | Lair:2   | Killed a six-headed hydra
 13644 | Lair:2   | Acquired Makhleb's fifth power
 13828 | Lair:1   | Noticed Nergalle
 13887 | Lair:1   | Killed Nergalle
 13887 | Lair:1   | Reached skill level 10 in Armour
 14898 | Orc:3    | Found a staircase to the Elven Halls.
 14901 | Orc:3    | Noticed Harold
 15348 | D:12     | Noticed a hill giant
 15369 | D:12     | Killed a hill giant
 15404 | D:12     | Noticed a hill giant
 15452 | D:12     | Killed a hill giant
 15710 | D:12     | Noticed a tengu warrior
 15729 | D:12     | Reached skill level 13 in Shields
 15762 | D:12     | Killed a tengu warrior
 15966 | D:12     | Killed a skeletal warrior
 15987 | D:12     | Killed a skeletal warrior
 16069 | D:12     | Killed a skeletal warrior
 16107 | D:12     | Killed a skeletal warrior
 16143 | D:12     | Got a glittering amber ring
 16145 | D:12     | Identified the ring "Sheorcha" {rC+ Int+3 Slay+4} (You found it on level 12 of the Dungeon)
 16301 | D:12     | Reached XP level 13. HP: 90/117 MP: 9/9
 16318 | D:12     | Noticed a catoblepas
 16358 | D:12     | Killed a catoblepas
 16392 | D:12     | Killed an unseen horror
 16501 | D:12     | Noticed a skeletal warrior
 16535 | D:12     | Killed a skeletal warrior
 16810 | Orc:3    | Killed Harold
 16958 | Orc:3    | Found Threjotsaj's Distillery.
 16964 | Orc:3    | Bought a potion of poison for 17 gold pieces
 16964 | Orc:3    | Bought a potion of confusion for 17 gold pieces
 17000 | Orc:3    | Noticed Nessos
 17048 | Orc:3    | Killed Nessos
 17470 | Orc:2    | Found a radiant altar of Vehumet.
 17858 | Orc:1    | Reached skill level 14 in Maces & Flails
 17946 | Orc:4    | Entered Level 4 of the Orcish Mines
 18236 | Orc:4    | Found a shimmering altar of Xom.
 18819 | Orc:4    | Noticed Blork the orc
 18874 | Orc:4    | Killed Blork the orc
 18885 | Orc:4    | Noticed an orc warlord
 18931 | Orc:4    | Killed an orc warlord
 18955 | Orc:4    | Found a roughly hewn altar of Beogh.
 19066 | Orc:4    | Found Katocu Koca's Book Boutique.
 19096 | Orc:4    | Found Zoinolo's General Store.
 19175 | Orc:4    | Found Umioh's Antique Armour Boutique.
 19196 | Orc:4    | Found Sibbitamnai's Antique Weapon Boutique.
 20109 | D:13     | Reached skill level 15 in Maces & Flails
 20711 | D:14     | Got a faintly glowing golden ring
 20714 | D:14     | Found a gate to the Vaults.
 20751 | D:14     | Identified the cursed ring "Rain" {rF+ Str+2 Stlth+} (You found it on level 14 of the Dungeon)
 21001 | D:14     | Cast into the Abyss (a distortion unwield)
 21045 | Abyss:1  | Noticed a bone dragon
 21140 | Abyss:1  | Killed a bone dragon
 21140 | Abyss:1  | Reached skill level 1 in Unarmed Combat
 21140 | Abyss:1  | Gained mutation: You resist negative energy. [level up]
 21140 | Abyss:1  | Reached XP level 14. HP: 99/129 MP: 10/10
 21169 | Abyss:1  | Noticed a starcursed mass
 21178 | Abyss:1  | Paralysed by accursed screaming for 1 turns
 21312 | Abyss:1  | Killed a starcursed mass
 21356 | Abyss:1  | Killed a starcursed mass
 21675 | D:14     | Escaped the Abyss
 21801 | D:14     | Reached skill level 16 in Maces & Flails
 22220 | D:15     | Entered Level 15 of the Dungeon
 22257 | D:15     | Found a bloodstained altar of Trog.
 22849 | D:15     | Found a staircase to the Depths.
 23317 | Lair:2   | Upgraded the game from 0.16-a0-956-g65bd446 to 0.16-a0-967-g37ceb3c
 23409 | Lair:3   | Reached skill level 17 in Maces & Flails
 23452 | Lair:3   | Found a basalt altar of Yredelemnul.
 23493 | Lair:3   | Found a labyrinth entrance.
 23505 | Lab      | Entered a labyrinth
 24171 | Lab      | Reached skill level 10 in Fighting
 24210 | Lair:3   | Noticed Rupert
 24213 | Lair:3   | Paralysed by Rupert for 4 turns
 24254 | Lair:3   | Killed Rupert
 24254 | Lair:3   | Reached XP level 15. HP: 71/138 MP: 10/12
 24332 | Lair:3   | Found a hole to the Spider Nest.
 24360 | Lair:3   | Reached skill level 1 in Invocations
 25327 | Lair:4   | Found a frozen archway.
 25386 | Lair:4   | Reached skill level 5 in Unarmed Combat
 25418 | IceCv    | Entered an ice cave
 26064 | IceCv    | Identified the Reference Book on Snow
 27232 | Lair:5   | Noticed Maud
 27249 | Lair:5   | Killed Maud
 27249 | Lair:5   | Reached skill level 18 in Maces & Flails
 27312 | Lair:5   | You fall through a shaft for 3 floors!
 27312 | Lair:8   | Entered Level 8 of the Lair of Beasts
 27998 | Lair:8   | Reached XP level 16. HP: 148/148 MP: 14/14
 28059 | Lair:8   | Identified the Grimoire of Calling
 28453 | Lair:7   | Found a viscous altar of Jiyva.
 28454 | Lair:7   | Found a staircase to the Slime Pits.
 28595 | Lair:7   | Got a pair of encrusted gloves
 28606 | Lair:7   | Identified the cursed +2 pair of gloves of the Land of Plenty {Str+2 Int+2} (You found it on level 7 of the Lair of Beasts)
 29731 | Lair:6   | Found a staircase to the Swamp.
 30448 | Lair:2   | Noticed an eight-headed hydra
 30456 | Lair:2   | Killed an eight-headed hydra
 30865 | Elf:1    | Entered Level 1 of the Elven Halls
 31382 | Elf:1    | Reached skill level 1 in Spellcasting
 31433 | Elf:1    | Reached skill level 15 in Shields
 32133 | Elf:1    | Identified Dazuh's Reference Book on Supportive Damage Dealing
 32311 | Elf:2    | Found a portal to a secret trove of treasure.
 32392 | Elf:2    | Noticed an Executioner
 32396 | Elf:2    | Noticed a Brimstone Fiend
 32406 | Elf:2    | Killed an Executioner
 32968 | Elf:2    | Noticed a deep elf blademaster
 32979 | Elf:2    | Killed a deep elf blademaster
 32996 | Elf:2    | Reached skill level 1 in Evocations
 33012 | Elf:2    | Reached XP level 17. HP: 154/162 MP: 18/18
 33254 | Elf:2    | Noticed Jorgrun
 33279 | Elf:2    | Killed Jorgrun
 33944 | Swamp:1  | Entered Level 1 of the Swamp
 34688 | Swamp:1  | Got a smoking marble ring
 34690 | Swamp:1  | Identified the ring "Struis" {rF- rC+ AC+3} (You found it on level 1 of the Swamp)
 34903 | Swamp:2  | Noticed Nikola
 34920 | Swamp:2  | Killed Nikola
 35144 | Swamp:2  | Found a deep blue altar of Sif Muna.
 35214 | Swamp:2  | Noticed Wiglaf
 35233 | Swamp:2  | Killed Wiglaf
 35818 | Swamp:2  | Got a smoking pewter amulet
 35838 | Swamp:2  | Identified the amulet "Kadomm" {Spirit Dex+3 Int+2} (You found it on level 2 of the Swamp)
 37713 | Swamp:5  | Entered Level 5 of the Swamp
 37734 | Swamp:5  | Gained mutation: You passively map a large area around you. [level up]
 37734 | Swamp:5  | Reached XP level 18. HP: 160/172 MP: 19/19
 38162 | Swamp:5  | Noticed the 27-headed Lernaean hydra
 38213 | Swamp:5  | Killed the 27-headed Lernaean hydra
 38266 | Swamp:5  | Got a twitching lapis lazuli ring
 38277 | Swamp:5  | Got a decaying rune of Zot
 39020 | Lair:2   | Identified the cursed ring "Skunuduu" {EV-2 Int+2} (You found it on level 5 of the Swamp)
 39128 | Spider:1 | Entered Level 1 of the Spider Nest
 39136 | Spider:1 | Reached skill level 15 in Fighting
 40538 | Spider:3 | Noticed Mara
 40548 | Spider:3 | Noticed Raxtorm's illusion
 40703 | Spider:3 | Noticed Raxtorm's illusion
 40711 | Spider:3 | HP: 5/177 [Mara (illusionary)/demon trident of electrocution (11)]
 40720 | Spider:3 | Killed from afar by Mara

Action                   |  1- 3 |  4- 6 |  7- 9 | 10-12 | 13-15 | 16-18 || total
-------------------------+-------+-------+-------+-------+-------+-------++-------
Melee: Flail             |    21 |   177 |   183 |       |       |       ||   381
       Whip              |       |       |   427 |  1898 |   838 |       ||  3163
       Morningstar       |       |       |       |       |  1050 |  2136 ||  3186
       Unarmed           |       |       |       |       |   353 |       ||   353
 Fire: Blowgun           |    27 |    22 |   150 |   156 |    15 |       ||   370
Throw: Tomahawk          |       |       |       |       |     1 |     1 ||     2
Invok: Major Destruction |       |       |       |       |     1 |       ||     1
       Lesser Servant of |       |       |       |       |       |     1 ||     1
 Abil: Device Recharging |       |       |     3 |     1 |       |     2 ||     6
Evoke: Wand              |       |     1 |    22 |    27 |     8 |     9 ||    67
       Phial of floods   |       |       |       |     1 |       |       ||     1
  Use: Scroll            |       |       |       |    18 |     5 |    12 ||    35
       Potion            |       |       |       |     1 |     1 |     3 ||     5
 Stab: Distracted        |       |       |     2 |       |       |     2 ||     4
  Eat: Chunk             |       |     4 |    16 |    37 |    38 |    40 ||   135
       Fruit             |       |       |       |     2 |     1 |     1 ||     4
       Pizza             |       |       |       |       |     1 |       ||     1
       Royal jelly       |       |       |       |       |       |     1 ||     1
